 Dungeon Crawl Stone Soup version 0.31.0-11-ge490571c62 (webtiles) character file.

Game seed: 3883553939102221130

81 qw the Shooter (level 4, 0/22 HPs)
             Began as a Spriggan Hunter on Feb 3, 2024.
             Incinerated by a bombardier beetle (6 damage)
             ... with a burning spray
             ... on level 3 of the Dungeon.
             The game lasted 00:00:04 (2010 turns).

qw the Shooter (Spriggan Hunter)                    Turns: 2010, Time: 00:00:05

Health: 0/22       AC:  2    Str:  7    XL:     4   Next: 20%
Magic:  5/5        EV: 19    Int: 10    God:
Gold:   77         SH:  5    Dex: 20    Spells: 3/3 levels left

rFire   . . .        a - +0 shortbow
rCold   . . .        (shield currently unavailable)
rNeg    . . .        c - +0 robe
rPois   .            (helmet restricted)
rElec   .            (no cloak)
rCorr   .            (gloves unavailable)
SInv    +            (boots unavailable)
Will    .....        d - amulet of reflection
Stlth   +            (no ring)
HPRegen 0.23/turn    (no ring)
MPRegen 0.09/turn

%: reflection
@: on fire, glowing, very quick
A: very small, no large weapons, unfitting armour, see invisible, speed 3
a: no special abilities


You were on level 3 of the Dungeon.
You visited 1 branch of the dungeon, and saw 3 of its levels.

You collected 77 gold pieces.


Innate Abilities, Weirdness & Mutations

You are very small and have problems with some larger weapons.
You are too small for most types of armour.
You have supernaturally acute eyesight. (SInv)
You cover ground extremely quickly. (Speed+++)


   Skills:
 - Level 1.5 Fighting
 - Level 5.3 Ranged Weapons
 + Level 4.0 Dodging
 - Level 1.5 Stealth


You had 3 spell levels left.
You didn't know any spells.
Your spell library was empty.

Inventory:

Hand Weapons
 a - a +0 shortbow (weapon)
Armour
 c - a +0 robe (worn)
Jewellery
 d - an amulet of reflection (around neck)
Scrolls
 b - 2 scrolls of enchant armour
Potions
 e - a potion of might
 g - a potion of cancellation {unknown}
 h - a potion of curing {unknown}

Dungeon Overview and Level Annotations

Branches:
Dungeon (3/15)

Altars:

Shops:
D:2 :


Message History

e - a potion of might Done exploring.
What level of the Dungeon? (default 2, ? - help)
There is an open door here.
As you open the door, it creaks loudly!
There is an open door here.
You open the door.
There is an open door here.
There is a stone staircase leading down here.
You climb downwards.
Found an ancient whip.
There is a stone staircase leading up here.
Waypoint 2 assigned to D:3.
You see here the +3 whip of Optimality {drain, rElec rPois rC+ Int+2}.
A quokka comes into view.
Found a stone staircase leading down.
You shoot an arrow. The arrow hits the quokka!
You kill the quokka!
A bombardier beetle comes into view.
You shoot an arrow. The arrow hits the bombardier beetle!
The bombardier beetle is severely wounded.
You shoot an arrow. The arrow hits the bombardier beetle.
The bombardier beetle is almost dead.
The bombardier beetle sprays incendiary fluid at you.
The burning spray hits you.
You are covered in liquid fire!
You shoot an arrow. The arrow hits the bombardier beetle!
You kill the bombardier beetle!
The liquid fire burns you!
Your Ranged Weapons skill increases to level 5!
You have reached level 4!
You are on fire!
The liquid fire burns you!
You are on fire!
The liquid fire burns you!
You are on fire!
The liquid fire burns you!
You are on fire!
The liquid fire burns you!
You die...

# ...## #....##########
#....@.....#.##
#.>#.######....########
.% #........)... ##
#......###... #...^..#
#.## ##.....# #.#
##.#### #.# #+# #.##
#<..


There were no monsters in sight!

Vanquished Creatures
  A bombardier beetle (D:3)
  2 adders (D:2)
  A ribbon worm (D:2)
  4 bats
  4 endoplasms
  2 giant cockroaches (D:1)
  A goblin (D:1)
  3 hobgoblins
  2 quokkas
  2 ball pythons (D:1)
  2 frilled lizards
  5 kobolds
  3 rats
32 creatures vanquished.

Notes
Turn   | Place    | Note
-------+----------+-------------------------------------------
     0 | D:1      | qw the Spriggan Hunter began the quest for the Orb.
     0 | D:1      | Reached XP level 1. HP: 10/10 MP: 2/2
     0 | D:1      | 0 ||| qw: Version: 0.3-a-157-g843a77d
     0 | D:1      | 0 ||| qw: Game counter: 3764
     0 | D:1      | 0 ||| qw: Melee chars always use a shield: true
     0 | D:1      | 0 ||| qw: God list: Okawaru
     0 | D:1      | 0 ||| qw: Allow faded altars: false
     0 | D:1      | 0 ||| qw: Do Orc after clearing Dungeon:15 true
     0 | D:1      | 0 ||| qw: Do second Lair branch before Depths: true
     0 | D:1      | 0 ||| qw: Lair rune preference: random
     0 | D:1      | 0 ||| qw: Goals: Normal
     0 | D:1      | 0 ||| PLANNING D:1-11
    38 | D:1      | Reached skill level 3 in Dodging
   176 | D:1      | Reached XP level 2. HP: 14/14 MP: 3/3
   831 | D:1      | 831 ||| READING scroll labelled YCIRCH GECUEPEST.
   831 | D:1      | 831 ||| IDENTIFYING fuming blue potion
   832 | D:1      | 832 ||| READING scroll labelled ROMPAO BEMEGAB.
   933 | D:1      | 933 ||| READING scroll labelled TUAD TOHUR.
   934 | D:1      | 934 ||| READING scroll labelled IZIBIU JONOEGU.
   935 | D:1      | 935 ||| READING scroll labelled QUSHIT SAKHLA.
   935 | D:1      | 935 ||| ENCHANTING +0 shortbow.
   936 | D:1      | 936 ||| DROPPING scroll of butterflies.
   937 | D:1      | 937 ||| DROPPING potion of attraction.
  1035 | D:2      | Identified the +3 war axe of the Muttering Gods {flame,
                  | +Blink Dex-3 SInv}
  1178 | D:2      | HP: 1/14 [quokka (5)]
  1183 | D:2      | Reached XP level 3. HP: 2/18 MP: 4/4
  1277 | D:2      | Found Gefi Qaf's Book Shoppe.
  1927 | D:2      | 1927 ||| UPGRADING to amulet of reflection.
  1932 | D:2      | 1932 ||| READING scroll of identify.
  1932 | D:2      | 1932 ||| IDENTIFYING black potion
  1988 | D:3      | Identified the +3 whip of Optimality {drain, rElec rPois
                  | rC+ Int+2}
  2007 | D:3      | Reached skill level 5 in Ranged Weapons
  2007 | D:3      | Reached XP level 4. HP: 18/22 MP: 5/5
  2009 | D:3      | HP: 5/22 [burnt (5)]
  2010 | D:3      | Incinerated by a bombardier beetle

Levels and vault maps discovered:
D:1:      ldierk_walled_garden_2, layout_basic, nicolae_kite_square_tiling_tiny
D:2:      layout_basic, serial_shops, shop, dk_noncrumbling_3
D:3:      layout_loops_corners, old_standard_altar, gammafunk_ghost_grave,
          serial_shops, nicolae_shop_bloodbath_and_beyond,
          minmay_shallow_snake_nest, uniq_robin, uniq_terence

Skill      XL: |  1  2  3 |
---------------+----------+-----
Dodging        | 3 4 |  4.0
Ranged Weapons | 5 |  5.3
Fighting       | |  1.5
Stealth        | |  1.5

Action                     |  1- 3 |  4- 6 || total
---------------------------+-------+-------++-------
   Fire: Shortbow          |    86 |       ||    86
    Use: Scroll            |     6 |       ||     6
 Armour: Robe              |     9 |       ||     9
  Dodge: Dodged            |    37 |       ||    37

Table legend:
 A = Non-vault XP
 B = Vault XP
 C = Vault XP percentage of total XP
 D = Non-vault monster count
 E = Vault monster count
 F = Vault count percentage of total count
                 A         B        C        D         E       F
            +---------+---------+-------+---------+---------+-------
      Total |     117 |       0 |   0.0 |      32 |       0 |   0.0
            +---------+---------+-------+---------+---------+-------
        D:1 |      21 |       0 |   0.0 |      14 |       0 |   0.0
        D:2 |      52 |       0 |   0.0 |      16 |       0 |   0.0
        D:3 |      44 |       0 |   0.0 |       2 |       0 |   0.0
            +---------+---------+-------+---------+---------+-------
